 Dungeon Crawl Stone Soup version 0.28.0-49-g6dfe1f597d (webtiles) character file.

Game seed: 11508549754958145085

101 Revguard the Chopper (level 4, 0/34 HPs)
             Began as a Demonspawn Gladiator on May 12, 2022.
             Slain by a gnoll
             ... wielding a +0 spear
              (5 damage)
             ... on level 2 of the Dungeon.
             The game lasted 00:04:12 (1928 turns).

Revguard the Chopper (Demonspawn Gladiator)         Turns: 1928, Time: 00:04:13

Health: 0/34       AC:  9    Str: 16    XL:     4   Next: 48%
Magic:  5/5        EV:  5    Int: 10    God:
Gold:   90         SH:  0    Dex: 14    Spells: 3/3 levels left

rFire   . . .      SeeInvis .   a - +0 war axe
rCold   . . .      Faith    .   (no shield)
rNeg    . . .      Spirit   .   g - +0 scale mail
rPois   .          Reflect  .   c - +0 helmet
rElec   .          Harm     .   (no cloak)
rCorr   .          Rampage  .   (no gloves)
Will    .....                   (no boots)
Stlth   ..........              (no amulet)
HPRegen 0.11/turn               (no ring)
MPRegen 0.09/turn               (no ring)

@: held
A: slimy green scales 1
a: no special abilities


You were on level 2 of the Dungeon.
You visited 1 branch of the dungeon, and saw 2 of its levels.

You collected 90 gold pieces.

Inventory:

Hand Weapons
 a - a +0 war axe (weapon)
Missiles
 d - 2 throwing nets (quivered)
Armour
 c - a +0 helmet (worn)
 g - a +0 scale mail (worn)
Scrolls
 b - a scroll of teleportation {unknown}
 f - 2 scrolls of identify {unknown}


   Skills:
 * Level 2.8 Fighting
 * Level 3.2 Axes
 - Level 1.7 Throwing
 * Level 1.4 Armour
 + Level 2.9 Dodging
 * Level 2.5 Invocations


You had 3 spell levels left.
You didn't know any spells.
Your spell library was empty.

Dungeon Overview and Level Annotations

Branches:
Dungeon (2/15)

Altars:


Innate Abilities, Weirdness & Mutations

You are partially covered in slimy green scales. (AC +2)


Message History

The net rips apart, and the gnoll comes free!
You barely miss the gnoll.
The gnoll is severely wounded.
You barely miss the gnoll. The gnoll completely misses you.
You hit the gnoll.
The gnoll is moderately wounded.
The gnoll hits you but does no damage.
The gnoll hits you from afar with a +0 spear!
The gnoll barely misses you.
The gnoll hits you from afar with a +0 spear.
You hit the gnoll.
The gnoll is heavily wounded.
The gnoll closely misses you. The gnoll hits you but does no damage.
You barely miss the gnoll.
The gnoll is heavily wounded.
The gnoll barely misses you. The gnoll hits you but does no damage.
You hit the gnoll. You punch the gnoll.
The gnoll is almost dead.
The gnoll barely misses you. The gnoll closely misses you.
The gnoll hits you but does no damage. The gnoll misses you.
You barely miss the gnoll.
The gnoll is almost dead.
The gnoll barely misses you. The gnoll hits you but does no damage.
You closely miss the gnoll.
The gnoll is almost dead.
The gnoll barely misses you. x2; The gnoll hits you but does no damage.
The gnoll hits you from afar with a +0 spear.
You slash the gnoll!
You kill the gnoll!
The gnoll throws a throwing net.
The throwing net hits you.
You become entangled in the net!
The gnoll hits you but does no damage.
You struggle against the net.
The gnoll hits you with a +0 whip.
* * * LOW HITPOINT WARNING * * *
The gnoll hits you from afar with a +0 spear.
* * * LOW HITPOINT WARNING * * *
You aren't carrying any potions.
You struggle against the net.
The gnoll hits you with a +0 whip.
* * * LOW HITPOINT WARNING * * *
The gnoll hits you from afar with a +0 spear.
You die...

#####.## #.# #......#
#.# ####
#.###.#######.###....
#.# #.............#
#.# #######.....###
#.# ##...###### #.#
##........ #.#
#.####### #.# #@#
####.### #g# .......#
#.gg# ###..#.##
#...).# # #.###.#
#.......# #
##.#..####.........# #
#.......+.........+
#####...####........!#
.......## ##.......##


You could see 3 gnolls.

Vanquished Creatures
  A gnoll (D:2)
  4 adders (D:2)
  2 dart slugs
  An orc (D:2)
  6 bats
  7 endoplasms
  2 giant cockroaches
  8 goblins
  A hobgoblin (D:1)
  4 jackals (D:1)
  A quokka (D:1)
  4 ball pythons
  A frilled lizard (D:1)
  A kobold (D:1)
  4 rats
47 creatures vanquished.

Notes
Turn   | Place    | Note
-------+----------+-------------------------------------------
     0 | D:1      | Revguard the Demonspawn Gladiator began the quest for the
                  | Orb.
     0 | D:1      | Reached XP level 1. HP: 16/16 MP: 1/1
   148 | D:1      | Gained mutation: You are partially covered in slimy green
                  | scales. (AC +2) [demonic ancestry]
   148 | D:1      | Reached XP level 2. HP: 22/22 MP: 2/2
   157 | D:1      | Reached skill level 1 in Invocations
   410 | D:1      | Reached skill level 3 in Axes
   697 | D:1      | Reached XP level 3. HP: 23/28 MP: 4/4
   777 | D:1      | Reached skill level 1 in Armour
  1411 | D:2      | Found a faded altar of an unknown god.
  1429 | D:2      | Reached XP level 4. HP: 29/34 MP: 5/5
  1928 | D:2      | Slain by a gnoll

Illustrated notes

Levels and vault maps discovered:
D:1:      nzn_arrival_settlement, layout_basic, serial_rivers,
          chequers_serial_rivers_small_a, chequers_serial_rivers_room_a,
          chequers_serial_rivers_micro_a, chequers_serial_rivers_micro_d,
          chequers_serial_rivers_small_3
D:2:      layout_loops_corners, hellmonk_ecumenical_altar_run_dry

Skill      XL: |  1  2  3 |
---------------+----------+-----
Invocations    | 1 2 |  2.5
Axes           | 3 |  3.2
Armour         | 1 |  1.4
Fighting       | |  2.8
Throwing       | |  1.7
Dodging        | |  2.9

Action                   |  1- 3 |  4- 6 || total
-------------------------+-------+-------++-------
Melee: War axe           |    97 |    35 ||   132
       Punch             |       |     2 ||     2
Throw: Throwing net      |       |     1 ||     1
 Stab: Held in net/web   |       |     1 ||     1
Armor: Ring mail         |    67 |     6 ||    73
       Scale mail        |       |    13 ||    13
Dodge: Dodged            |   102 |    29 ||   131
